 Dungeon Crawl Stone Soup version 0.28-a0-10-g964c8b829e (webtiles) character file.

Game seed: 15881283813719875035

2030 lmSkywalker the Thaumaturge (level 9, -8/45 HPs)
             Began as a Deep Elf Conjurer on July 25, 2021.
             Was a Follower of Vehumet.
             Killed from afar by a steam dragon (22 damage)
             ... with a ball of steam
             ... on level 7 of the Dungeon.
             The game lasted 00:35:58 (6552 turns).

lmSkywalker the Thaumaturge (Deep Elf Conjurer)     Turns: 6552, Time: 00:35:58

Health: -8/45      AC: 10    Str:  6    XL:     9   Next: 3%
Magic:  16/23      EV: 30    Int: 31    God:    Vehumet [*.....]
Gold:   226        SH:  0    Dex: 19    Spells: 11/25 levels left

rFire   . . .      SeeInvis .   m - staff of conjuration
rCold   . . .      Faith    .   (no shield)
rNeg    . . .      Spirit   .   l - +3 leather armour
rPois   .          Reflect  .   x - +0 helmet
rElec   .          Harm     .   g - +0 cloak
rCorr   .          Rampage  .   v - +0 pair of gloves
Will    .....                   b - +0 pair of boots
Stlth   ++........              j - amulet of the acrobat
HPRegen 0.15/turn               o - +6 ring of dexterity
MPRegen 0.18/turn               u - +6 ring of intelligence

@: acrobatic
A: no striking features
a: Renounce Religion


You were on level 7 of the Dungeon.
You worshipped Vehumet.
Vehumet was aware of your devotion.
You visited 2 branches of the dungeon, and saw 8 of its levels.

You collected 226 gold pieces.

Inventory:

Armour
 b - a +0 pair of boots (worn)
 g - a +0 cloak (worn)
 l - a +3 leather armour (worn)
 v - a +0 pair of gloves (worn)
 x - a +0 helmet (worn)
Magical Staves
 m - a staff of conjuration (weapon)
Jewellery
 j - an amulet of the acrobat (around neck)
 k - an amulet of guardian spirit
 o - a +6 ring of dexterity (left hand)
 u - a +6 ring of intelligence (right hand)
 A - a ring of ice
Wands
 t - a wand of flame (1)
Scrolls
 a - a scroll of fog
 d - 4 scrolls of amnesia
 e - a scroll of magic mapping
 n - a scroll of blinking
 q - 3 scrolls of enchant weapon
 r - a scroll of torment {unknown}
 w - a scroll of silence {unknown}
 y - a scroll of acquirement {unknown}
 B - a scroll of teleportation {unknown}
Potions
 c - 3 potions of curing
 f - a potion of attraction
 h - a potion of haste
 i - a potion of resistance
 p - a potion of flight
 s - a potion of brilliance
 z - 2 potions of heal wounds


   Skills:
 + Level 3.5 Staves
 - Level 1.0 Armour
 + Level 7.3 Dodging
 - Level 3.3 Stealth
 + Level 8.6 Spellcasting
 + Level 5.7 Conjurations
 + Level 7.1 Hexes
 + Level 2.2 Translocations


You had 11 spell levels left.
You knew the following spells:

 Your Spells              Type           Power      Damage    Failure   Level
a - Magic Dart            Conj           100%       1d8       1%          1
b - Searing Ray           Conj           100%       3d7       1%          2
c - Dazzling Flash        Conj/Hex       100%       N/A       1%          3
d - Fulminant Prism       Conj/Hex       34%        3d16      4%          4
e - Iskenderun's Mystic   Conj/Tloc      54%        2d12      12%         4

Your spell library contained the following spells:

 Spells                   Type           Power      Damage    Failure   Level
 Foxfire                  Conj/Fire      100%       2x1d9     1%          1
 Cause Fear               Hex            27%        N/A       3%          4
 Inner Flame              Hex/Fire       35%        N/A       4%          3
 Animate Skeleton         Necr           26%        N/A       6%          1
 Pain                     Necr           52%        1d6       6%          1
 Vampiric Draining        Necr           6%         2d6       19%         3
 Discord                  Hex            27%        N/A       100%        8
 Chain Lightning          Conj/Air       23%        3d30      100%        9
 Fire Storm               Conj/Fire      23%        8d6       100%        9


Dungeon Overview and Level Annotations

Branches:
Dungeon (7/15)             Temple (1/1) D:5

Altars:
Cheibriados
Dithmenos
Elyvilon
Kikubaaqudgha
Qazlal
Ru
Uskayaw
Vehumet
Wu Jian
Xom
Yredelemnul
Zin
The Shining One

Shops:
D:1 *=:[!   D:5 [(

Annotations:
D:3 2 transporters, Sigmund; Sin92's ghost, weakling DsFi


Message History

Aiming: Magic Dart (safe; 1% risk of failure)
Press: ? - help, Shift-Dir - straight line, f - steam dragon
Aim: a steam dragon (asleep, 100% to hit)
You feel a surge of power!
The magic dart hits the steam dragon.
The steam dragon is moderately wounded.
The steam dragon hisses angrily.
Casting: Magic Dart (safe; 1% risk of failure)
Confirm with . or Enter, or press ? or * to list all spells.
Aiming: Magic Dart (safe; 1% risk of failure)
Press: ? - help, Shift-Dir - straight line, f/p - steam dragon
Aim: a steam dragon (moderately wounded, 100% to hit)
You feel a surge of power!
The magic dart hits the steam dragon.
The steam dragon is moderately wounded.
Casting: Magic Dart (safe; 1% risk of failure)
Confirm with . or Enter, or press ? or * to list all spells.
Aiming: Magic Dart (safe; 1% risk of failure)
Press: ? - help, Shift-Dir - straight line, f/p - steam dragon
Aim: a steam dragon (moderately wounded, 100% to hit)
You feel a surge of power!
The magic dart hits the steam dragon.
The steam dragon is heavily wounded.
Casting: Magic Dart (safe; 1% risk of failure)
Confirm with . or Enter, or press ? or * to list all spells.
Aiming: Searing Ray (safe; 1% risk of failure)
Press: ? - help, Shift-Dir - straight line, f/p - steam dragon
Aim: a steam dragon (heavily wounded, 83% to hit)
You feel a surge of power!
The searing ray hits the steam dragon!
The steam dragon is severely wounded. (Press . to maintain the ray.)
The steam dragon breathes steam at you. The ball of steam hits you!
You hear a shout!
Something shouts, "Escape, thou surly hedge-born death-token!"
You are engulfed in a cloud of scalding steam.
The searing ray hits the steam dragon.
The steam dragon is almost dead.
You finish channeling your searing ray.
You are engulfed in a cloud of scalding steam.
The steam dragon breathes steam at you. The ball of steam hits you!!
You die...

. .. ... ....
############ .D...
...........#######§§....
................@§.....>
#########......##.....##
#......# .##### #......#
.# #......# .# #......#
.# #......# .# ###
####..## .# ..#######
##.#


There were no monsters in sight!

Vanquished Creatures
  Pikel (D:4)
  A hornet (D:7)
  A black bear (D:6)
  2 ogres (D:5)
  A phantom (D:5)
  4 lemures (D:4)
  A kobold brigand (D:6)
  A wyvern zombie (D:6)
  Blork the orc (D:4)
  2 bullfrogs
  A scorpion (D:5)
  2 water moccasin skeletons
  A howler monkey (D:5)
  5 hounds
  A jelly (D:7)
  An orc priest (D:3)
  A centaur skeleton (D:7)
  A bullfrog skeleton (D:6)
  An iguana (D:7)
  2 orc wizards (D:3)
  A killer bee zombie (D:6)
  A howler monkey skeleton (D:6)
  3 adders
  2 white imps
  An ufetubus (D:4)
  4 worms
  A dart slug (D:1)
  16 orcs
  4 bats (D:1)
  5 endoplasms
  5 giant cockroaches
  3 goblins
  5 hobgoblins
  7 jackals (D:1)
  12 kobolds
  4 quokkas
  4 ball pythons
  3 frilled lizards
  A jackal skeleton (D:4)
  6 rats
119 creatures vanquished.

Vanquished Creatures (others)
  A fulminant prism (D:7)
1 creature vanquished.

Grand Total: 120 creatures vanquished

Notes
Turn   | Place    | Note
-------+----------+-------------------------------------------
     0 | D:1      | lmSkywalker the Deep Elf Conjurer began the quest for the
                  | Orb.
     0 | D:1      | Reached XP level 1. HP: 10/10 MP: 6/6
    39 | D:1      | Found Niruckic's Book Boutique.
    49 | D:1      | Found Ohebez's Antique Armour Emporium.
    50 | D:1      | Found Miugulai's Distillery.
   252 | D:1      | Found Pobrazime's General Store.
   304 | D:1      | Reached XP level 2. HP: 15/15 MP: 5/8
   307 | D:1      | Learned a level 2 spell: Searing Ray
   330 | D:1      | Found a faded altar of an unknown god.
   595 | D:1      | Found Boirph's Jewellery Shoppe.
   692 | D:1      | Reached XP level 3. HP: 19/19 MP: 6/10
  1622 | D:2      | Learned a level 3 spell: Dazzling Flash
  1979 | D:3      | Reached XP level 4. HP: 24/24 MP: 8/11
  1987 | D:3      | Reached skill level 4 in Spellcasting
  2235 | D:3      | Reached skill level 1 in Hexes
  2392 | D:3      | Reached XP level 5. HP: 28/28 MP: 9/13
  2789 | D:3      | Found a shadowy altar of Dithmenos.
  2868 | D:3      | Noticed Sin92's ghost (weakling DsFi)
  2883 | D:3      | Found a transporter.
  2904 | D:3      | Found a transporter.
  2975 | D:3      | Noticed Sigmund
  3189 | D:4      | Noticed a lemure
  3190 | D:4      | Noticed a lemure
  3209 | D:4      | Killed a lemure
  3306 | D:4      | Noticed a lemure
  3312 | D:4      | Killed a lemure
  3312 | D:4      | Noticed Pikel
  3313 | D:4      | Noticed a lemure
  3334 | D:4      | Noticed Blork the orc
  3338 | D:4      | Killed Blork the orc
  3339 | D:4      | Reached skill level 5 in Spellcasting
  3456 | D:4      | Killed a lemure
  3457 | D:4      | Killed a lemure
  3474 | D:4      | Killed Pikel
  3475 | D:4      | Reached skill level 1 in Armour
  3475 | D:4      | Reached skill level 5 in Dodging
  3475 | D:4      | Reached skill level 6 in Spellcasting
  3475 | D:4      | Reached XP level 6. HP: 19/32 MP: 1/17
  3475 | D:4      | Reached XP level 7. HP: 21/36 MP: 1/19
  3638 | D:4      | Reached skill level 7 in Spellcasting
  3943 | D:5      | Entered Level 5 of the Dungeon
  3943 | D:5      | Found Hesoz's Weapon Shop.
  3946 | D:5      | Reached skill level 5 in Hexes
  4012 | D:5      | Found Hioriaf's Armour Shoppe.
  4089 | D:5      | Reached skill level 1 in Staves
  4175 | D:5      | Found a staircase to the Ecumenical Temple.
  4203 | D:5      | Reached XP level 8. HP: 41/41 MP: 11/21
  4477 | Temple   | Entered the Ecumenical Temple
  4652 | Temple   | Became a worshipper of Vehumet
  4946 | D:6      | Reached skill level 5 in Conjurations
  5135 | D:6      | Reached skill level 8 in Spellcasting
  5217 | D:6      | Learned a level 4 spell: Fulminant Prism
  5222 | D:6      | Learned a level 4 spell: Iskenderun's Mystic Blast
  5536 | D:6      | Reached * piety under Vehumet
  5536 | D:6      | Offered knowledge of Foxfire by Vehumet.
  5602 | D:6      | Reached skill level 1 in Translocations
  6017 | D:7      | Noticed a hornet
  6023 | D:7      | Killed a hornet
  6176 | D:7      | Reached XP level 9. HP: 45/45 MP: 18/23
  6380 | D:7      | Found a basalt altar of Yredelemnul.
  6552 | D:7      | Killed from afar by a steam dragon

Illustrated notes

Levels and vault maps discovered:
D:1:      dpeg_arrival_simpleton_c, layout_basic, ebering_ecumenical_altar_mist,
          serial_shops, shop, shop, nicolae_shop_stone, nicolae_shop_crystal,
          nicolae_shop_window_shopping
D:2:      layout_basic
D:3:      layout_loops_corners, nicolae_dithmenos_through_a_glass_darkly,
          gammafunk_ghost_stat_death, uniq_sigmund
D:4:      layout_rooms, uniq_pikel, uniq_blork_the_orc
D:5:      layout_rooms, minmay_temple_entry_stoned_glass, serial_shops,
          nicolae_stop_n_shop_2, shop_statue
D:6:      layout_basic
D:7:      cheibrodos_barr_body, layout_basic, amcnicky_altar_gilded,
          lemuel_blue_sif_altar, st_stairs_12
Temple:   nicolae_temple_figure_eight

Skill      XL: |  1  2  3  4  5  6  7  8 |
---------------+-------------------------+-----
Stealth        | 3 |  3.3
Dodging        | 3 5 6 7 |  7.3
Spellcasting   | 4 6 7 8 |  8.6
Hexes          | 2 4 5 7 |  7.1
Armour         | 1 |  1.0
Staves         | 1 3 |  3.5
Conjurations   | 5 |  5.7
Translocations | 2 |  2.2

Action                   |  1- 3 |  4- 6 |  7- 9 || total
-------------------------+-------+-------+-------++-------
Melee: Short sword       |     5 |       |       ||     5
       Staff             |       |     4 |     3 ||     7
 Cast: Magic Dart        |    80 |    57 |    62 ||   199
       Searing Ray       |     5 |     9 |    31 ||    45
       Fulminant Prism   |       |       |     1 ||     1
       Dazzling Flash    |       |       |     1 ||     1
  Use: Scroll            |       |       |    13 ||    13
Armor: Robe              |     3 |       |       ||     3
       Leather armour    |       |       |     4 ||     4
Dodge: Dodged            |     8 |    11 |    35 ||    54

Table legend: (Time is in decaauts)
 A = Elapsed time spent in this place.
 B = Non-inter-level travel time spent in this place.
 C = Inter-level travel time spent in this place.
 D = Time resting spent in this place.
 E = Time spent auto-exploring this place.
 F = Levels seen in this place.
 G = Mean time per level.
                   A        B        C        D        E       F      G
               +--------+--------+--------+--------+--------+-----+--------+
         Total |   6558 |   6147 |    411 |   1604 |   1800 |   8 |  819.8 |
       Dungeon |   6370 |   5970 |    400 |   1604 |   1633 |   7 |  910.0 |
        Temple |    187 |    176 |     11 |      0 |    167 |   1 |  187.0 |
               +--------+--------+--------+--------+--------+-----+--------+

Top non-repeatable levels by time:
     D:1: 1363 daAuts
     D:6: 1066 daAuts
     D:3: 1056 daAuts
     D:4: 908 daAuts
     D:5: 731 daAuts
     D:2: 665 daAuts
     D:7: 577 daAuts
  Temple: 187 daAuts
